 Dungeon Crawl Stone Soup version 0.25-a0-583-g696c2ac64d (webtiles) character file.

Game seed: 10176463370695138361, levelgen mode: deterministic

25 An17 the Ruffian (level 2, 0/23 HPs)
             Began as a Draconian Transmuter on Mar 8, 2020.
             Succumbed to an adder's poison
             ... on level 2 of the Dungeon.
             The game lasted 00:03:11 (818 turns).

An17 the Ruffian (Draconian Transmuter)              Turns: 818, Time: 00:03:12

Health: 0/23       AC:  5    Str: 12    XL:     2   Next: 86%
Magic:  5/5        EV: 12    Int: 13    God:
Gold:   20         SH:  0    Dex: 11    Spells: 2/5 levels left

rFire    . . .     SeeInvis .     - Unarmed
rCold    . . .     Gourm    .   (no shield)
rNeg     . . .     Faith    .   (armour unavailable)
rPois    .         Spirit   .   (helmet restricted)
rElec    .         Reflect  .   (no cloak)
rCorr    .         Harm     .   b - +0 pair of gloves
MR       .....                  (no boots)
Stlth    +.........             (no amulet)
HPRegen  0.07/turn              (no ring)
MPRegen  0.09/turn              (no ring)

@: mighty, lethally poisoned (0 -> -11), lightly drained
A: unfitting armour, cold-blooded, AC +4
a: no special abilities


You were on level 2 of the Dungeon.
You were not hungry.

You visited 1 branch of the dungeon, and saw 2 of its levels.

You collected 20 gold pieces.

Inventory:

Hand Weapons
 g - a +1 dagger of draining
Missiles
 a - 12 arrows
 e - 7 boomerangs (quivered)
Armour
 b - a +0 pair of gloves (worn)
Scrolls
 f - a scroll of teleportation
Potions
 d - a potion of heal wounds
Comestibles
 c - 4 rations


   Skills:
 + Level 1.1(0.7) Fighting
 + Level 1.9(1.6) Dodging
 + Level 3.6(3.2) Unarmed Combat
 + Level 2.2(1.9) Spellcasting
 + Level 2.2(1.9) Transmutations


You had 2 spell levels left.
You knew the following spells:

 Your Spells              Type           Power        Failure   Level  Hunger
a - Beastly Appendage     Tmut           #.....       12%         1    ##.....
b - Sticks to Snakes      Tmut           #.......     17%         2    ###....

Your spell library contained the following spells:

 Spells                   Type           Power        Failure   Level  Hunger
 Spider Form              Tmut/Pois      #.........   45%         3    ####...
 Ice Form                 Ice/Tmut       #.......     86%         4    #####..
 Blade Hands              Tmut           #.........   97%         5    ######.


Dungeon Overview and Level Annotations

Branches:
Dungeon (2/15)

Altars:


Innate Abilities, Weirdness & Mutations

Your plain brown scales are hard. (AC +4)
You cannot fit into any form of body armour.
You are cold-blooded and may be slowed by cold attacks.


Message History

The adder poisons you!
You miss the adder.
You feel sick. The bat completely misses you. The adder closely misses you.
The adder bites you.
You are lethally poisoned!
The adder poisons you!
You are too injured to fight recklessly!
You are too injured to fight recklessly!
You feel sick. The adder bites you.
* * * LOW HITPOINT WARNING * * *
The bat hits you but does no damage.
* * * LOW HITPOINT WARNING * * *
You feel sick. The bat barely misses you. x2
* * * LOW HITPOINT WARNING * * *
You feel sick. The bat hits you.
* * * LOW HITPOINT WARNING * * *
* * * LOW HITPOINT WARNING * * *
You feel sick. The bat hits you but does no damage. x2
It was a potion of might.
You feel very mighty all of a sudden.
Your talons disappear.
You die...

..8.... ##
....... ..
..8....
.###.......
.#..8.... .....#
########....#
#...@bS.....#...
##.###..........
#.# #.....>....
#.# #..........
#.# #..........
#.# #....>.....
#.# #.......###
#.# #[.†....#
#.###.......#


You could see an adder and a bat.

Vanquished Creatures
  2 dart slugs
  A leopard gecko (D:1)
  A giant cockroach (D:1)
  3 goblins (D:1)
  2 hobgoblins (D:1)
  3 bats (D:1)
  A frilled lizard (D:1)
  5 kobolds (D:1)
18 creatures vanquished.

Notes
Turn   | Place    | Note
-------+----------+-------------------------------------------
     0 | D:1      | An17 the Draconian Transmuter began the quest for the Orb.
     0 | D:1      | Reached XP level 1. HP: 16/16 MP: 3/3
   167 | D:1      | Reached XP level 2. HP: 23/23 MP: 3/5
   171 | D:1      | Learned a level 2 spell: Sticks to Snakes
   817 | D:2      | HP: 1/23 [poisoned by an adder]
   818 | D:2      | Succumbed to an adder's poison

Levels and vault maps discovered:
D:1:      mrwooster_arrival_statue_2, layout_basic
D:2:      layout_basic, zin_statuary, first_ration, minmay_domino_2

Action                   || total
-------------------------++-------
Melee: Unarmed           ||    74
       Headbutt          ||     3
       Kick              ||     2
       Punch             ||     1
       Tailslap          ||     5
 Cast: Beastly Appendage ||    13
  Use: Scroll            ||     5
       Potion            ||     1
Armor: Skin              ||    22
Dodge: Dodged            ||    54

Table legend:
 A = Non-vault XP
 B = Vault XP
 C = Vault XP percentage of total XP
 D = Non-vault monster count
 E = Vault monster count
 F = Vault count percentage of total count
                 A         B        C        D         E       F
            +---------+---------+-------+---------+---------+-------
      Total |      37 |       0 |   0.0 |      18 |       0 |   0.0
            +---------+---------+-------+---------+---------+-------
        D:1 |      33 |       0 |   0.0 |      17 |       0 |   0.0
        D:2 |       4 |       0 |   0.0 |       1 |       0 |   0.0
            +---------+---------+-------+---------+---------+-------
